 Dungeon Crawl Stone Soup version 0.20-a0-465-g6513c8f (webtiles) character file.

60 kidcy the Slasher (level 4, -1/35 HPs)
             Began as a Barachian Fighter on Jan 12, 2017.
             Killed from afar by an orc wizard (9 damage)
             ... with a puff of flame
             ... on level 3 of the Dungeon.
             The game lasted 00:03:18 (1444 turns).

kidcy the Slasher (Barachian Fighter)               Turns: 1444, Time: 00:03:19

Health: -1/35      AC:  8    Str: 14    XL:     4   Next: 4%
Magic:  4/4        EV:  8    Int:  6    God:
Gold:   38         SH:  8    Dex: 11    Spells: 3/3 levels left

rFire  . . .     SeeInvis .     a - +0 long sword
rCold  . . .     Gourm    .     q - +3 ring mail
rNeg   . . .     Faith    +     c - +0 shield
rPois  .         Spirit   .     (no helmet)
rElec  .         Reflect  .     (no cloak)
rCorr  .         Harm     .     (no gloves)
MR     .....                    (no boots)
Stlth  +.........               k - amulet of faith
                                (no ring)
                                (no ring)

@: slow
A: swims, slowness 1, strong legs 1
a: Hop


You were on level 3 of the Dungeon.
You were hungry.

You visited 1 branch of the dungeon, and saw 3 of its levels.

You collected 38 gold pieces.

Inventory:

Hand Weapons
 a - a +0 long sword (weapon)
Missiles
 b - 19 stones (quivered)
Armour
 c - a +0 shield (worn)
 q - a +3 ring mail (worn)
Jewellery
 k - an amulet of faith (around neck)
Scrolls
 e - a scroll of fog {unknown}
 h - a scroll of remove curse {unknown}
 i - 2 scrolls of identify {unknown}
 m - 3 scrolls of amnesia {unknown}
 o - a scroll of teleportation {unknown}
Potions
 d - 2 potions of might
 g - a potion of lignification {unknown}
 l - a potion of degeneration {unknown}
 n - a potion of resistance {unknown}
 p - 2 potions of brilliance {unknown}
 r - a potion of agility {unknown}
Comestibles
 f - 2 bread rations
 j - 2 fruits


   Skills:
 + Level 3.5 Fighting
 * Level 3.8 Long Blades
 + Level 3.6 Armour
 + Level 0.8 Dodging
 - Level 3.0 Shields


You had 3 spell levels left.
You didn't know any spells.

Dungeon Overview and Level Annotations

Branches:
Dungeon (3/15)

Altars:
Nemelex Xobeh


Innate Abilities, Weirdness & Mutations

You can swim through water.
You cover ground slowly.
You can hop short distances.


Message History

The orc wizard casts a spell at you. The puff of frost misses you.
The orc throws a tomahawk.
The tomahawk completely misses you.
You see here a tomahawk.
Found a runed gilded ring.
The orc wizard looks encouraged for a moment.
The orc wizard is no longer moving quickly.
A puff of flame appears from out of thin air!
The puff of flame hits you!
The orc wizard miscasts a cantrip.
The orc wizard casts a spell at you. The puff of flame hits you!
* * * LOW HITPOINT WARNING * * *
There is a stone staircase leading down here.
The orc wizard casts a spell at you. You block the puff of flame.
There is a stone staircase leading up here.
The orc wizard casts a spell at you. The puff of flame hits you!
You die...

#####.# #.#
#.....# ####.#
#.##### #(.... #.#
#.##.# #.######
#.##.# #....†.#
####.#..# ######.#
..##.#.## #.#
#.##.#.## #@#
#.##..... #.#
####.####.## #o#
#..o....#.#
#o#####.##.#....##
#...o.......#.##..
######..#####.#.##
#..#####..###
#.........##..
#...#####.##..


You could see an orc wizard and an orc.

Vanquished Creatures
  An adder (D:2)
  4 dart slugs
  3 leopard geckos (D:2)
  An orc (D:3)
  2 ball pythons (D:1)
  4 bats
  3 giant cockroaches (D:1)
  2 goblins (D:1)
  5 hobgoblins (D:1)
  A quokka (D:2)
  A frilled lizard (D:1)
  7 kobolds
  5 rats
39 creatures vanquished.

Notes
Turn   | Place    | Note
-------+----------+-------------------------------------------
     0 | D:1      | kidcy the Barachian Fighter began the quest for the Orb.
     0 | D:1      | Reached XP level 1. HP: 18/18 MP: 1/1
   209 | D:1      | Reached XP level 2. HP: 24/24 MP: 2/2
   533 | D:1      | Reached XP level 3. HP: 16/29 MP: 3/3
  1159 | D:2      | Found a sparkling altar of Nemelex Xobeh.
  1316 | D:3      | Reached XP level 4. HP: 35/35 MP: 4/4
  1444 | D:3      | Killed from afar by an orc wizard

Vault maps used:
D:1:      saegor_arrival_under_anarchy, minmay_misc_feat_x
D:2:      first_bread, nemelex_diamond_rough_becter, uniq_terence
D:3:      grunt_temple_overflow_cloverleaf, okawaru_gym_becter

Skill      XL: |  1  2 |
---------------+-------+-----
Long Blades    | 3 |  3.8
Fighting       | |  3.5
Armour         | |  3.6
Dodging        | |  0.8
Shields        | |  3.0

Action                   |  1- 3 |  4- 6 || total
-------------------------+-------+-------++-------
Melee: Long sword        |   124 |     1 ||   125
Throw: Stone             |     4 |       ||     4
  Eat: Chunk             |     2 |       ||     2
Armor: Scale mail        |    20 |       ||    20
       Ring mail         |    44 |     1 ||    45
Dodge: Dodged            |    48 |     4 ||    52
Block: Shield            |    51 |     8 ||    59
       Rpst.: Long sword |    14 |       ||    14
